AoeStats
← ramon_beas21

Northern Isles

510286976Analyzed
1v1 RM · 12h ago on Sep 30, 2026· 68m 12s· 2 players
Game mode
Random Map
Map size
Tiny (2 player)
Population
200
Speed
Normal
Resources
Standard
Victory
Conquest
Starting age
Dark Age
Ending age
Imperial Age
RankedLock teamsTeams togetherTeam positionsShared explorationLock speedFull tech treeHidden civsTurbo modeCheats
Victory
Defeat
🇺🇸 Danes · United States
352
+21
🇪🇸 Britons · Spain
460
-21
ewangg47
12:41 Feudal Age
14:27 Wheelbarrow
13:35 Fishing Lines
14:15 Gold Mining
14:15 Stone Mining
14:39 Double-Bit Axe
19:34 Forging
19:14 Fletching
24:40 Castle Age
24:18 Horse Collar
25:58 Gillnets
26:19 Medium Warships
27:43 Iron Casting
27:08 Scale Mail Armor
26:57 Gambesons
26:34 Man-at-Arms
27:41 Horse Collar
28:31 Bow Saw
32:00 Guard Tower
32:24 Clinker Construction
36:18 Hand Cart
35:51 Long Swordsman
36:38 Heated Shot
39:41 Imperial Age
37:38 Bodkin Arrow
40:43 Northmen's Fury
41:54 Heavy Warships
42:31 Gold Shaft Mining
42:31 Stone Shaft Mining
42:25 Careening
43:10 Two-Handed Swordsman
46:03 Elite Longship
48:54 Ballistics
49:36 Chemistry
48:59 Dry Dock
50:49 Bracer
50:50 Padded Archer Armor
51:50 Blast Furnace
50:42 Arrowslits
52:53 Elite Jomsviking
54:12 Hoardings
58:06 Shipwright
57:58 Masonry
60:09 Leather Archer Armor
60:23 Carvel Hull
59:54 Arrowslits
61:15 Champion
67:59 Keep
ramon_beas21
0:36 Loom
12:16 Feudal Age
17:05 Man-at-Arms
29:50 Castle Age
28:32 Padded Archer Armor
28:23 Fletching
31:31 Medium Warships
35:52 Horse Collar
36:01 Double-Bit Axe
41:25 Yeomen
46:34 Imperial Age
44:36 Long Swordsman
49:20 Demolition Ship
50:26 Heavy Warships
55:17 Leather Archer Armor
Connection lost

Rejoining the realm…

Still unreachable

The connection could not be restored.

Session expired

The server has moved on; the page needs a fresh start.